 Dungeon Crawl Stone Soup version 0.32-a0-913-g739538afd8 (webtiles) character file.

Game seed: 9717256252585804549

6486 tilp the Jinx (level 10, -4/77 HPs)
             Began as a Vampire Enchanter on Apr 7, 2024.
             Was a Believer of Wu Jian.
             Slain by a sun demon (15 damage)
             ... summoned by a kobold demonologist
             ... in a bailey.
             The game lasted 00:20:20 (9910 turns).

tilp the Jinx (Vampire Enchanter)                   Turns: 9910, Time: 00:20:20

Health: -4/77      AC: 16    Str:  7    XL:     10   Next: 68%
Magic:  17/17      EV: 14    Int: 24    God:    Wu Jian [**....]
Gold:   441        SH:  0    Dex: 21    Spells: 7/18 levels left

rFire   . . .        b - +2 double sword (protect)
rCold   + . .        (no shield)
rNeg    . . .        O - +3 leather armour
rPois   .            i - +1 helmet
rElec   .            G - +0 cloak
rCorr   .            o - +0 pair of gloves
SInv    +            w - +1 pair of boots
Will    +....        r - amulet of regeneration
Stlth   ++++         z - +4 ring of protection
HPRegen 1.32/turn    L - ring of Astrosoag {rC+ Int+2 Dex+6 Slay+2}
MPRegen 0.15/turn

%: no passive effects
@: healing quickly, invisible
A: alive, fangs 3, see invisible, vampiric 2
a: Exsanguinate, Renounce Religion, Wall Jump


You were in a bailey.
You worshipped Wu Jian.
Wu Jian was pleased with you.
You visited 1 branch of the dungeon, and saw 8 of its levels.
You also visited: Ossuary and Bailey.

You collected 441 gold pieces.

Inventory:

Hand Weapons
 a - a +2 dagger of protection
 b - a +2 double sword of protection (weapon)
 h - a +1 dagger of venom
 v - a +1 dagger of flaming
 P - the +1 rapier "Udilo Irghudo" {elec, rPois rN++ Will- Str+3}
   (You found it on level 8 of the Dungeon)

   Str+3:     It affects your strength (+3).
   rPois:     It protects you from poison.
   rN++:      It greatly protects you from negative energy.
   Will-:     It decreases your willpower.
Missiles
 e - 8 javelins
 u - 18 poisoned darts (quivered)
 C - 5 darts of dispersal
 J - 3 atropa-tipped darts
 M - 6 curare-tipped darts
Armour
 i - a +1 helmet (worn)
 o - a +0 pair of gloves (worn)
 w - a +1 pair of boots (worn)
 E - a +2 robe
 G - a +0 cloak (worn)
 O - a +3 leather armour (worn)
Jewellery
 d - a ring of ice
 n - a ring of flight
 r - an amulet of regeneration (around neck)
 t - a ring of magical power
 z - a +4 ring of protection (left hand)
 A - a ring of wizardry
 F - a ring of ice
 L - the ring of Astrosoag (right hand) {rC+ Int+2 Dex+6 Slay+2}
   (You took it off an orc wizard on level 7 of the Dungeon)

   [ring of dexterity]

   Int+2:     It affects your intelligence (+2).
   Dex+6:     It affects your dexterity (+6).
   Slay+2:    It affects your accuracy & damage with ranged weapons and melee
   (+2).
   rC+:       It protects you from cold.
Wands
 p - a wand of mindburst (16)
 B - a wand of acid (11)
 I - a wand of warping (8)
Scrolls
 j - a scroll of immolation
 l - a scroll of fear
 y - 2 scrolls of blinking
Potions
 c - 3 potions of invisibility
 f - a potion of might
 g - 4 potions of curing
 k - a potion of lignification
 m - 5 potions of haste
 q - a potion of mutation
 s - a potion of attraction {unknown}
 x - 3 potions of brilliance
 D - 2 potions of enlightenment {unknown}
 H - a potion of heal wounds {unknown}
 K - a potion of cancellation {unknown}
 N - a potion of ambrosia {unknown}


   Skills:
 * Level 6.4 Fighting
 - Level 3.0(5.8) Short Blades
 * Level 7.1(7.3) Long Blades
 + Level 1.5 Armour
 + Level 5.9 Dodging
 + Level 9.1 Stealth
 + Level 4.9 Spellcasting
 * Level 11.2 Hexes
 - Level 4.0 Evocations


You had 7 spell levels left.
You knew the following spells:

 Your Spells              Type           Power      Damage    Failure   Level
a - Ensorcelled Hibernat  Hex/Ice        66%        N/A       1%          2
b - Confusing Touch       Hex            56%        N/A       1%          3
c - Tukima's Dance        Hex            56%        N/A       1%          3
d - Dazzling Flash        Conj/Hex       66%        N/A       3%          3

Your spell library contained the following spells:

 Spells                   Type           Power      Damage    Failure   Level
 Magic Dart               Conj           20%        1d4       13%         1
 Sandblast                Erth           10%        2d5       13%         1
 Blink                    Tloc           10%        N/A       21%         2
 Call Imp                 Summ           10%        N/A       21%         2
 Metabolic Englaciation   Hex/Ice        16%        N/A       34%         5
 Frozen Ramparts          Ice            10%        1d2       36%         3
 Ozocubu's Armour         Ice            5%         N/A       36%         3
 Stone Arrow              Conj/Erth      10%        3d7       36%         3
 Brom's Barrelling Bould  Conj/Erth      5%         2d3       78%         4


Dungeon Overview and Level Annotations

Branches:
Dungeon (8/15)             Temple (0/1) D:6         Ossuary (visited)
 Bailey (1/1)
   Lair: D:8-11

Altars:
Hepliaklqana
Ru
Sif Muna
Vehumet
Wu Jian

Shops:
D:1 (   D:2 ((:[   D:3 :[(:=

Annotations:
D:7 2 transporters, starts1789's ghost, novice TeCj


Innate Abilities, Weirdness & Mutations

Your natural rate of healing is accelerated.
You have razor-sharp teeth.
You have supernaturally acute eyesight. (SInv)
You are afflicted with vampirism and can become a bat while bloodless.


Message History

The ufetubus hits you but does no damage. x2
Unknown command.
You closely miss the ufetubus. You bite the ufetubus.
The ufetubus is severely wounded.
The ufetubus closely misses you. The ufetubus misses you.
The ufetubus hits you but does no damage. x2
The sun demon hits you!!
* * * LOW HITPOINT WARNING * * *
You are engulfed in flames!
* * * LOW HITPOINT WARNING * * *
You feel better.
The ufetubus hits you but does no damage.
The ufetubus completely misses you.
The kobold demonologist casts a spell.
The sun demon hits you.
* * * LOW HITPOINT WARNING * * *
You are engulfed in flames!
* * * LOW HITPOINT WARNING * * *
The ufetubus barely misses you.
The ufetubus hits you but does no damage.
You fade into invisibility!
The sun demon barely misses you. The ufetubus misses you.
The ufetubus barely misses you.
You spin and attack the sun demon.
You catch the helpless sun demon completely off-guard!
You slash the sun demon!
Your weapon exudes an aura of protection.
The sun demon is moderately wounded.
The kobold demonologist hits you with a +0 battleaxe.
* * * LOW HITPOINT WARNING * * *
The ufetubus barely misses you.
The ufetubus hits you but does no damage.
You see here a +0 war axe.
Unknown command.
Unknown command.
The orc sorcerer mumbles some strange words.
Unknown command.
Unknown command.
You feel better. The sun demon misses you. The sun demon hits you!
You die...

'#....3o3....#)##.~≈≈≈≈≈≈
)# ##'## #..#.~≈≈≈≈≈≈ .#
#...# #..#.~≈≈≈≈≈≈ .#
#.K.# #..#.~≈≈≈≈≈≈ .#
#ߧß# #..#.~≈≈≈≈≈≈ .#
#.).# #..#.~≈≈≈≈≈≈
##+###ß.ß###+##'#'#≈≈≈≈≈≈
.#)).#.5.#.÷÷#....#≈≈≈≈≈≈
.#)).#...#.((#..@)#≈≈≈≈≈≈
.######)######o3###≈≈≈≈≈≈
.......∩...34..K5.# ≈≈≈≈≈
##~~~~~~~~~~~###### ≈≈≈≈
≈≈≈≈≈≈≈≈≈≈≈≈≈≈≈≈≈
≈≈≈≈≈≈≈≈≈≈≈≈≈≈≈≈≈≈
≈≈≈≈≈≈≈≈≈≈≈≈≈≈≈≈≈≈≈
≈≈≈≈≈≈≈≈≈≈≈≈≈≈≈≈≈≈S
≈≈≈≈≈≈≈≈≈≈≈≈≈≈≈≈≈≈≈


You could see a sun demon (summoned, unable to see you), a hellwing (summoned,
wandering, unable to see you), a kobold demonologist (unable to see you), a
ynoxinul (summoned, unable to see you) and an orc sorcerer.

Vanquished Creatures
  Pikel (D:7)
  An orc knight (Bailey)
  12 yaks
  A steam dragon (D:8)
  Menkaure (D:4)
  6 orc warriors (Bailey)
  2 black bears (D:5)
  A centaur (D:7)
  2 ogres
  A lemure (D:6)
  Blork the orc (D:4)
  A kobold brigand (D:7)
  4 bullfrogs
  6 scorpions
  3 electric eels (Bailey)
  3 jellies
  2 centaur zombies (Ossuary)
  6 hounds
  3 orc priests
  Crazy Yiuf (D:6)
  4 human zombies (Ossuary)
  Ijyb (D:3)
  A scorpion zombie (Ossuary)
  A sleepcap (D:8)
  5 iguanas
  10 orc wizards
  4 mummies
  Robin (D:4)
  10 gnolls
  6 adders
  2 shadow imps (D:7)
  2 white imps (D:6)
  2 ufetubi (D:5)
  5 adder zombies (Ossuary)
  2 dart slugs
  28 orcs
  5 endoplasms
  4 giant cockroaches
  22 goblins
  13 hobgoblins
  5 quokkas
  11 ball pythons
  2 ball python zombies (Ossuary)
  2 bats
  4 frilled lizards
  A goblin zombie (D:4)
  7 kobolds
  2 orc zombies
  5 rats
225 creatures vanquished.

Vanquished Creatures (collateral kills)
  Jeremiah (D:6)
  A gnoll sergeant (D:7)
  5 gnolls (D:7)
  A kobold (D:7)
8 creatures vanquished.

Grand Total: 233 creatures vanquished

Notes
Turn   | Place    | Note
-------+----------+-------------------------------------------
     0 | D:1      | tilp the Vampire Enchanter began the quest for the Orb.
     0 | D:1      | Reached XP level 1. HP: 13/13 MP: 3/3
    27 | D:1      | Found Zougo's Antique Weapon Boutique.
   378 | D:1      | Reached XP level 2. HP: 19/20 MP: 5/5
   385 | D:1      | Learned a level 2 spell: Ensorcelled Hibernation
   992 | D:2      | Reached skill level 1 in Long Blades
   992 | D:2      | Gained mutation: You are afflicted with vampirism and can
                  | become a bat while bloodless. [Vampire growth]
   992 | D:2      | Reached XP level 3. HP: 11/25 MP: 0/6
   996 | D:2      | Learned a level 3 spell: Confusing Touch
  1066 | D:2      | Found Sairai's Antique Weapon Boutique.
  1073 | D:2      | Reached skill level 1 in Fighting
  1287 | D:2      | Found Pucwats's Weapon Emporium.
  1485 | D:2      | Found Japramonn's Antique Armour Boutique.
  1515 | D:2      | Found a faded altar of an unknown god.
  1688 | D:2      | Found Feud's Book Shop.
  1751 | D:3      | Found Tassu's Jewellery Shoppe.
  1753 | D:3      | Found Naxo Ust's Book Emporium.
  1997 | D:3      | Found a hazy altar of Hepliaklqana.
  1998 | D:3      | Found a sacrificial altar of Ru.
  2027 | D:3      | Reached skill level 5 in Hexes
  2027 | D:3      | Reached XP level 4. HP: 32/32 MP: 4/7
  2288 | D:3      | Noticed Ijyb
  2297 | D:3      | Killed Ijyb
  2298 | D:3      | Reached skill level 5 in Stealth
  2571 | D:3      | Found Darurph's Antique Weapon Shoppe.
  2614 | D:3      | Found Fenkonnu's Armour Boutique.
  2669 | D:3      | Found Xesmuthreyl's Book Emporium.
  2960 | D:4      | Reached XP level 5. HP: 38/38 MP: 8/8
  2997 | D:4      | Found a shimmering blue altar of Sif Muna.
  3147 | D:4      | Noticed Menkaure
  3148 | D:4      | Noticed Robin
  3155 | D:4      | Killed Menkaure
  3156 | D:4      | Reached XP level 6. HP: 44/44 MP: 9/9
  3254 | D:4      | Killed Robin
  3293 | D:4      | Reached skill level 6 in Hexes
  3338 | D:4      | Found a sand-covered staircase.
  3345 | D:4      | Learned a level 3 spell: Tukima's Dance
  3346 | Ossuary  | Entered an ossuary
  3419 | Ossuary  | Reached skill level 1 in Evocations
  3614 | Ossuary  | Reached XP level 7. HP: 51/51 MP: 11/11
  3835 | Ossuary  | Reached skill level 7 in Hexes
  4593 | D:4      | Reached XP level 8. HP: 58/58 MP: 12/12
  4720 | D:4      | Noticed Blork the orc
  4722 | D:4      | Killed Blork the orc
  4877 | D:5      | Entered Level 5 of the Dungeon
  4883 | D:5      | Learned a level 3 spell: Dazzling Flash
  4883 | D:5      | Noticed an angel
  5076 | D:5      | Reached skill level 8 in Hexes
  5157 | D:5      | Reached skill level 5 in Long Blades
  5157 | D:5      | Reached XP level 9. HP: 66/66 MP: 9/14
  5162 | D:5      | Reached skill level 9 in Hexes
  5409 | D:5      | Found a radiant altar of Vehumet.
  6119 | D:6      | Found an ornate altar of the Wu Jian Council.
  6156 | D:6      | Became a worshipper of the Wu Jian Council
  6182 | D:6      | Noticed Jeremiah
  6301 | D:6      | Found a staircase to the Ecumenical Temple.
  6378 | D:6      | Reached skill level 5 in Fighting
  6875 | D:6      | Found a runed translucent door.
  6876 | D:6      | Noticed Crazy Yiuf
  6882 | D:6      | Killed Crazy Yiuf
  7015 | D:6      | Killed Jeremiah
  7016 | D:6      | Reached skill level 5 in Dodging
  7089 | D:6      | Found an ornate altar of the Wu Jian Council.
  7142 | D:6      | Found a staircase to the Ecumenical Temple.
  7546 | D:7      | Noticed Pikel
  7637 | D:7      | Reached * piety under Wu Jian
  7880 | D:7      | Killed Pikel
  7881 | D:7      | Reached skill level 10 in Hexes
  7884 | D:7      | Reached XP level 10. HP: 74/76 MP: 16/16
  8035 | D:7      | Found a transporter.
  8063 | D:7      | Identified the ring of Astrosoag {rC+ Int+2 Dex+6 Slay+2}
  8427 | D:7      | Found a transporter.
  8455 | D:7      | Noticed starts1789's ghost (novice TeCj)
  8880 | D:8      | Reached ** piety under Wu Jian
  8908 | D:8      | Identified the +1 rapier "Udilo Irghudo" {elec, rPois rN++
                  | Will- Str+3}
  8994 | D:8      | Reached skill level 1 in Armour
  9028 | D:8      | Found a flagged portal.
  9048 | Bailey   | Entered a bailey
  9607 | Bailey   | Noticed an orc knight
  9612 | Bailey   | Killed an orc knight
  9613 | Bailey   | Reached skill level 11 in Hexes
  9838 | Bailey   | Acquired a +2 double sword of protection
  9878 | Bailey   | Found an iron altar of Okawaru.
  9878 | Bailey   | Noticed an orc sorcerer
  9881 | Bailey   | Noticed a sixfirhy
  9888 | Bailey   | Noticed a rust devil
  9901 | Bailey   | Noticed a sun demon
  9910 | Bailey   | Slain by a sun demon

Illustrated notes

Levels and vault maps discovered:
D:1:      grunt_arrival_crossed_arrows, layout_basic, serial_shops, shop
D:2:      layout_loops_ring, serial_shops, nicolae_shop_back_alley_shop,
          nicolae_shop_rolling_square, nicolae_shop_crystal,
          nicolae_shop_behind_doors, hellmonk_ecumenical_altar_run_dry,
          minmay_misc_feat_plants
D:3:      minmay_general_purpose_star, layout_rooms,
          mainiacjoe_overflow_divided_tiny, serial_co_window_serial,
          co_window_corner_a, co_window_paths_a, co_window_of_opportunity_a,
          co_window_paths_b, co_window_of_opportunity_a, co_window_corner_b,
          co_window_of_opportunity_c, co_window_paths_c, co_window_corner_b,
          co_window_of_opportunity_c, glass_columns_b, glass_columns_a,
          glass_columns_b, glass_columns_b, glass_columns_a, serial_shops,
          nicolae_shop_just_a_little_nook, nicolae_shop_behind_doors,
          nicolae_shop_hallway_plus, shop, shop, uniq_ijyb
D:4:      layout_basic, led_sif_pool, nicolae_ossuary_entry_giza, uniq_robin,
          uniq_menkaure, uniq_blork_the_orc
D:5:      layout_basic, zin_angel, old_standard_altar
D:6:      layout_loops_cross, mainiacjoe_overflow_surrounded_room,
          temple_pool_b, uniq_jeremiah, uniq_crazy_yiuf_cottage
D:7:      layout_cave_pools, gammafunk_ghost_stat_death, dk_noncrumbling_2,
          nicolae_zen_rock_garden, nrook_mini_vaults, uniq_pikel
D:8:      kennysheep_housing_project, layout_loops_ring, kennysheep_slug_shrine,
          enter_bailey_6, uniq_maurice
Bailey:   bailey_axe_of_yendor_kennysheep, bailey

Skill      XL: |  1  2  3  4  5  6  7  8  9 10 |
---------------+-------------------------------+-----
Long Blades    | 1 2 3 5 6 7 |  7.1
Fighting       | 1 2 3 4 5 6 |  6.4
Hexes          | 5 6 7 8 10 11 | 11.2
Stealth        | 5 6 7 8 9 |  9.1
Short Blades   | 2 3 |  3.0
Dodging        | 3 4 5 |  5.9
Evocations     | 1 2 3 4 |  4.0
Spellcasting   | 3 4 |  4.9
Armour         | 1 |  1.5

Action                     |  1- 3 |  4- 6 |  7- 9 | 10-12 || total
---------------------------+-------+-------+-------+-------++-------
  Melee: Dagger            |   109 |   174 |   288 |   164 ||   735
         Bite              |     9 |    19 |    32 |    20 ||    80
         Double sword      |       |       |       |     4 ||     4
  Throw: Javelin           |       |       |     1 |       ||     1
         Dart              |       |       |     1 |       ||     1
   Cast: Ensorcelled Hiber |    17 |     9 |    78 |    48 ||   152
         Confusing Touch   |       |     5 |    11 |     4 ||    20
         Dazzling Flash    |       |       |     5 |     4 ||     9
         Tukima's Dance    |       |       |     6 |       ||     6
Ability: Lunge             |       |       |    10 |    15 ||    25
         Whirlwind         |       |       |     1 |     6 ||     7
  Evoke: Wand              |       |     3 |       |     3 ||     6
    Use: Scroll            |     5 |     6 |     6 |     3 ||    20
         Potion            |     1 |       |       |     3 ||     4
   Stab: Sleeping          |    13 |    13 |    49 |    33 ||   108
         Confused          |       |     4 |    10 |     2 ||    16
         Distracted        |       |       |     1 |       ||     1
         Invisible         |       |       |       |     5 ||     5
 Armour: Robe              |    46 |     1 |    50 |    57 ||   154
         Leather armour    |       |    96 |    54 |    27 ||   177
  Dodge: Dodged            |    64 |    95 |   108 |   111 ||   378

Table legend: (Time is in decaauts)
 A = Elapsed time spent in this place.
 B = Non-inter-level travel time spent in this place.
 C = Inter-level travel time spent in this place.
 D = Time resting spent in this place.
 E = Time spent auto-exploring this place.
 F = Levels seen in this place.
 G = Mean time per level.
                   A        B        C        D        E       F      G
               +--------+--------+--------+--------+--------+-----+--------+
         Total |   9780 |   9362 |    418 |   1795 |   5224 |  10 |  978.0 |
       Dungeon |   8223 |   7805 |    418 |   1273 |   4902 |   8 | 1027.9 |
       Ossuary |    713 |    713 |      0 |     99 |    249 |   1 |  713.0 |
        Bailey |    843 |    843 |      0 |    423 |     73 |   1 |  843.0 |
               +--------+--------+--------+--------+--------+-----+--------+

Top non-repeatable levels by time:
     D:6: 1685 daAuts
     D:3: 1347 daAuts
     D:5: 1191 daAuts
     D:7: 1061 daAuts
     D:4: 1013 daAuts
     D:2: 905 daAuts
  Bailey: 843 daAuts
     D:1: 839 daAuts
 Ossuary: 713 daAuts
     D:8: 180 daAuts
